 Dungeon Crawl Stone Soup version 0.13-a0-2496-g11650dd (webtiles) character file.

4987 JogiH the Conjurer (level 10, -14/86 HPs)
             Began as a Djinni Wizard on July 22, 2013.
             Was a Believer of Sif Muna.
             Shot with a sling bullet by Joseph (15 damage)
             ... on Level 9 of the Dungeon.
             The game lasted 01:10:24 (22124 turns).

JogiH the Conjurer (Djinni Wizard)                 Turns: 22124, Time: 01:10:24

HP -14/86        AC  5     Str  8      XL: 10   Next: 19%
MP   0/0         EV 14     Int 21      God: Sif Muna [**....]
Gold 359         SH  0     Dex 12      Spells:  8 memorised,  8 levels left

Res.Fire  : + + +   See Invis. : .   k - +0 quarterstaff
Res.Cold  : x . .   Warding    : .   E - +0 robe
Life Prot.: + + +   Conserve   : .   (no shield)
Res.Poison: .       Res.Corr.  : .   b - +0 wizard hat
Res.Elec. : .       Clarity    : .   B - +1 cloak
Sust.Abil.: . .     Spirit.Shd : .   G - +0 pair of gloves
Res.Mut.  : .       Stasis     : .   (boots unavailable)
Res.Rott. : .       Flight     : .   (no amulet)
Saprovore : . . .                    v - ring of wizardry
                                     n - ring of wizardry

@: somewhat resistant to hostile enchantments, fairly stealthy
A: no striking features
a: Channel Energy, Forget Spell, Renounce Religion


You were on level 9 of the Dungeon.
You worshipped Sif Muna.
Sif Muna was most pleased with you.
You were not hungry.

You visited 2 branches of the dungeon, and saw 10 of its levels.
You also visited: Sewer.

You collected 495 gold pieces.
You spent 156 gold pieces at shops.

Inventory:

Hand weapons
 k - a +0,+0 quarterstaff (weapon)
Armour
 b - a +0 wizard hat (worn)
 B - a +1 cloak (worn)
 E - a +0 robe (worn)
 G - a +0 pair of gloves (worn)
Magical devices
 a - a wand of random effects (8) {unknown}
 m - a wand of digging (1) {unknown}
 t - a wand of paralysis (13) {unknown}
 C - a wand of draining (2) {unknown}
Scrolls
 g - 6 scrolls of identify
 i - 3 scrolls of fear {unknown}
 l - 2 scrolls of noise {unknown}
 o - 2 scrolls of enchant weapon I {unknown}
 s - 8 scrolls of remove curse {unknown}
 x - 5 scrolls of amnesia {unknown}
 y - a scroll of magic mapping {unknown}
 A - a scroll of curse jewellery {unknown}
 D - 3 scrolls of random uselessness {unknown}
 H - a scroll of enchant weapon III {unknown}
 I - a scroll of fog {unknown}
 J - a scroll of immolation {unknown}
 L - 2 scrolls of enchant armour {unknown}
 M - 2 scrolls of curse armour {unknown}
Jewellery
 n - a ring of wizardry (left hand)
 v - a ring of wizardry (right hand)
 F - a cursed ring of hunger {unknown}
 P - an uncursed ring of wizardry
 Q - an uncursed ring of poison resistance {unknown}
 R - an uncursed ring of protection from cold {unknown}
 T - a +3 ring of protection {unknown}
Potions
 d - 3 potions of heal wounds
 e - 4 potions of brilliance {unknown}
 f - 4 potions of agility {unknown}
 h - 2 potions of poison
 j - 13 potions of curing
 p - a potion of mutation {unknown}
 q - a potion of magic {unknown}
 r - 3 potions of flight {unknown}
 u - a potion of speed
 w - 2 potions of restore abilities {unknown}
 z - 3 potions of resistance {unknown}
 K - 2 potions of might {unknown}
 N - a potion of confusion
 O - a potion of degeneration
Books
 c - a book of Minor Magic

   Spells                             Type                      Level
   *Magic Dart                        Conjuration                  1
   *Blink                             Translocation                2
   *Call Imp                          Summoning                    2
   *Repel Missiles                    Charms/Air                   2
   *Slow                              Hexes                        2
   *Conjure Flame                     Conjuration/Fire             3
   *Mephitic Cloud                    Conjuration/Poison/Air       3
 S - a book of the Earth

   Spells                             Type                      Level
   Dig                                Earth                        4
   Leda's Liquefaction                Hexes/Earth                  4
   *Bolt of Magma                     Conjuration/Fire/Earth       5
   Statue Form                        Transmutation/Earth          6
   Iron Shot                          Conjuration/Earth            6
   Shatter                            Earth                        9


   Skills:
 - Level 4.0 Fighting
 - Level 3.1 Staves
 * Level 4.5 Dodging
 - Level 3.0 Stealth
 + Level 9.5 Spellcasting
 * Level 9.8 Conjurations
 + Level 0.8 Charms
 + Level 3.1 Summonings
 + Level 1.1 Translocations
 - Level 1.1 Fire Magic
 - Level 1.0 Air Magic
 - Level 1.0 Poison Magic
 * Level 1.5 Invocations


You had 8 spell levels left.
You knew the following spells:

 Your Spells              Type           Power        Failure   Level  Hunger
a - Magic Dart            Conj           ####         1%          1    None
b - Blink                 Tloc           N/A          2%          2    None
c - Call Imp              Summ           ###.......   1%          2    None
d - Conjure Flame         Conj/Fire      ####....     1%          3    None
e - Mephitic Cloud        Conj/Pois/Air  ####....     1%          3    None
f - Repel Missiles        Chrm/Air       ##........   2%          2    None
g - Slow                  Hex            ##......     3%          2    None
h - Bolt of Magma         Conj/Fire/Erth ####......   12%         5    ####...


Dungeon Overview and Level Annotations

Branches:
Dungeon (9/27)             Temple (1/1) D:5
    Orc: D:6-11        Lair: D:8-13

Altars:
Ashenzari
Cheibriados
Elyvilon
Fedhas
Kikubaaqudgha
Makhleb
Nemelex Xobeh
Okawaru
Sif Muna
Trog
Vehumet
Xom
Yredelemnul
Zin
the Shining One

Shops:
D:6: !

Annotations
D:9 Joseph


Message History

Aiming: Magic Dart
Press: ? - help, Shift-Dir - straight line, f/p - centaur
Aim: a centaur, wielding a bow (severely wounded, bewildered and confused)
The magic dart hits the centaur.
The centaur is severely wounded.
Joseph shouts!
Joseph unwields an uncursed quarterstaff.
Joseph wields a sling.
Joseph shoots a sling bullet.
The sling bullet hits you!
You see here a sling bullet.
Joseph drinks a potion.
Joseph seems to speed up.
Joseph shoots a sling bullet.
The sling bullet hits you!
Joseph shoots a sling bullet.
The sling bullet hits you!
* * * LOW HITPOINT WARNING * * *
Things that are here:
a sling bullet; an arrow Joseph shoots a sling bullet.
The sling bullet hits you!
* * * LOW HITPOINT WARNING * * *
You see here a sling bullet.
Joseph shoots a sling bullet.
The sling bullet hits you!
You die...

..).. ... #.###############
#########.##....≈≈≈≈....#
................≈≈≈≈....#
######....(....≈≈≈≈..<..#
#.##.##...≈≈≈≈.....#
#.##.############### #.##@#
. #######%##(# #.#
#...)...$((#######.#
#........(..........
#................%.#
#..........|.......###
#######.##...........
#@##........@####.##
............................


You could see Joseph.

Vanquished Creatures
  Grinder (D:4)
  A hungry ghost (D:8)
  A hippogriff (D:8)
  A hill giant skeleton (D:9)
  A necrophage (D:8)
  An ice beast (D:6)
  3 sky beasts
  An orc warrior (D:8)
  A black bear (D:8)
  3 centaurs
  3 ogres
  2 phantoms
  Sigmund (D:2)
  2 big kobolds (Sewer)
  A gnoll sergeant (D:8)
  Blork the orc (D:7)
  A killer bee (D:8)
  8 wights (D:8)
  6 crimson imps
  A quasit (D:8)
  6 orc priests
  3 goliath beetles
  A hound (D:4)
  2 gnoll shamans
  2 iguanas
  5 orc wizards
  A two-headed ogre skeleton (D:8)
  5 scorpions
  4 jellies
  5 worker ants
  Ijyb (D:7)
  17 gnolls
  2 green rats (D:6)
  7 adders
  4 giant mites
  An inept feature mimic (D:2)
  3 worms
  26 grey rats
  2 giant eyeballs
  4 giant geckos
  23 orcs
  A bat zombie (D:8)
  9 goblins
  23 hobgoblins
  4 jackals
  22 kobolds
  2 quokkas
  7 ball pythons
  17 bats
  7 giant cockroaches
  A giant cockroach zombie (D:6)
  7 giant newts
  A giant spore (D:7)
  A goblin skeleton (D:5)
  17 rats
  A rat zombie (D:7)
  9 ballistomycetes (D:7)
293 creatures vanquished.

Vanquished Creatures (collateral kills)
  A centaur (D:5)
  A giant frog (D:7)
  A water moccasin (D:6)
  An orc wizard (D:3)
  3 worker ants
  3 adders
  5 orcs
  A kobold (Sewer)
  A giant newt (D:4)
17 creatures vanquished.

Vanquished Creatures (others)
  5 crimson imps
  A shadow imp (D:4)
  3 white imps
  A quokka (D:6)
10 creatures vanquished.

Grand Total: 320 creatures vanquished

Notes
Turn   | Place    | Note
--------------------------------------------------------------
     0 | D:1      | JogiH, the Djinni Wizard, began the quest for the Orb.
     0 | D:1      | Reached XP level 1. HP: 14/14 MP: 0/0
   624 | D:1      | Reached XP level 2. EP: 18/22
   628 | D:1      | Learned a level 2 spell: Blink
   631 | D:1      | Learned a level 2 spell: Call Imp
   891 | D:2      | Reached skill level 4 in Spellcasting
  1188 | D:2      | Reached XP level 3. EP: 26/29
  1216 | D:2      | Learned a level 3 spell: Conjure Flame
  1248 | D:2      | Noticed Sigmund
  1804 | D:2      | Learned a level 3 spell: Mephitic Cloud
  1909 | D:3      | Reached skill level 1 in Staves
  2339 | D:3      | Reached XP level 4. EP: 25/37
  2561 | D:3      | Reached skill level 5 in Spellcasting
  2887 | D:4      | Reached XP level 5. EP: 17/44
  3312 | D:4      | Reached skill level 1 in Fighting
  4386 | D:4      | Reached XP level 6. EP: 24/53
  5021 | D:5      | Entered Level 5 of the Dungeon
  5021 | D:5      | Noticed Grinder
  5144 | D:4      | Learned a level 2 spell: Repel Missiles
  5147 | D:4      | Learned a level 2 spell: Slow
  5468 | D:2      | Killed Sigmund
  6684 | D:4      | Paralysed by Grinder for 7 turns
  6709 | D:4      | Paralysed by Grinder for 7 turns
  6748 | D:4      | Paralysed by Grinder for 7 turns
  6764 | D:4      | Killed Grinder
  6764 | D:4      | Reached skill level 6 in Spellcasting
  6764 | D:4      | Reached skill level 1 in Fire Magic
  6764 | D:4      | Reached XP level 7. EP: 47/60
  6840 | D:4      | Reached skill level 1 in Poison Magic
  6994 | D:5      | Found a staircase to the Ecumenical Temple.
  7809 | D:5      | Found a white marble altar of Elyvilon.
  7838 | Temple   | Entered the Ecumenical Temple
  8540 | D:5      | Reached skill level 5 in Conjurations
  8540 | D:5      | Reached XP level 8. EP: 45/68
  9105 | D:6      | Found a white marble altar of Elyvilon.
  9832 | D:6      | Found Nexaveebi's Distillery.
 10398 | D:6      | Found a glowing drain.
 10556 | Sewer    | Entered a sewer
 10647 | Sewer    | Reached skill level 7 in Spellcasting
 12792 | D:6      | Bought a potion of confusion for 13 gold pieces
 12792 | D:6      | Bought a potion of poison for 13 gold pieces
 12792 | D:6      | Bought a potion of curing for 26 gold pieces
 12792 | D:6      | Bought a potion of degeneration for 26 gold pieces
 12792 | D:6      | Bought 2 potions of heal wounds for 78 gold pieces
 13076 | D:7      | Noticed Ijyb
 13084 | D:7      | Killed Ijyb
 13281 | D:7      | Reached skill level 1 in Air Magic
 13281 | D:7      | Reached XP level 9. EP: 48/76
 13290 | D:7      | Noticed Blork the orc
 13836 | D:7      | Killed Blork the orc
 14514 | D:7      | Reached skill level 8 in Spellcasting
 15287 | D:7      | Found a deep blue altar of Sif Muna.
 15373 | D:7      | Became a worshipper of Sif Muna the Loreminder
 16540 | D:8      | Learned a level 5 spell: Bolt of Magma
 17191 | D:8      | Found a sparkling altar of Nemelex Xobeh.
 17432 | D:8      | Acquired Sif Muna's first power
 17709 | D:8      | Reached skill level 9 in Spellcasting
 19894 | D:7      | Reached XP level 10. EP: 35/86
 20617 | D:8      | Acquired Sif Muna's second power
 20737 | D:8      | Reached skill level 1 in Invocations
 21519 | D:9      | Noticed Joseph
 21520 | D:9      | Paralysed by a giant eyeball for 2 turns
 21646 | D:9      | Paralysed by a giant eyeball for 3 turns
 22123 | D:9      | HP: 1/86 [Joseph/ sling bullet (16)]
 22124 | D:9      | Shot with a sling bullet by Joseph

Action                   |  1- 3 |  4- 6 |  7- 9 | 10-12 || total
-------------------------+-------+-------+-------+-------++-------
Melee: Quarterstaff      |    38 |    65 |   132 |    94 ||   329
 Cast: Magic Dart        |    73 |   102 |   483 |    56 ||   714
       Call Imp          |     4 |    17 |    26 |       ||    47
       Mephitic Cloud    |     2 |     9 |    54 |     9 ||    74
       Conjure Flame     |       |    13 |    61 |    15 ||    89
       Blink             |       |     1 |     2 |       ||     3
       Repel Missiles    |       |       |     8 |     1 ||     9
       Bolt of Magma     |       |       |    27 |     8 ||    35
       Slow              |       |       |     2 |       ||     2
  Use: Potion            |       |     3 |     3 |       ||     6
       Scroll            |       |       |     2 |       ||     2
 Stab: Confused          |       |       |     1 |       ||     1
